 Dungeon Crawl Stone Soup version 0.17-a0-18-gc25b939 (webtiles) character file.

771 Kaesh the Cudgeler (level 7, -4/105 HPs)
             Began as a Troll Berserker on Mar 8, 2015.
             Was an Elder of Trog.
             Slain by a sky beast (6 damage)
             ... on level 5 of the Dungeon.
             The game lasted 00:15:19 (4172 turns).

Kaesh the Cudgeler (Troll Berserker)                Turns: 4172, Time: 00:15:20

Health: -4/105     AC:  5    Str: 34    XL:     7   Next: 53%
Magic:  3/3        EV: 11    Int:  3    God:    Trog [****..]
Gold:   184        SH:  0    Dex: 11    Spells: 0 memorised, 6 levels left

rFire  . . .     SeeInvis .     A - +0 giant spiked club
rCold  . . .     Clarity  .     b - +0 animal skin
rNeg   . . .     SustAb   .     (shield restricted)
rPois  .         Gourm    +     (helmet restricted)
rElec  .         Spirit   .     (no cloak)
rCorr  .         Warding  .     (gloves unavailable)
rMut   .         Stasis   .     (boots unavailable)
MR     .....                    B - amulet of the gourmand
Stlth  ..........               x - ring of flight
                                w - +3 ring of strength (curse)

@: berserking, very quick, not resistant to hostile enchantments, extremely
unstealthy
A: unfitting armour, claws 3, fast metabolism 3, gourmand, regeneration 2,
shaggy fur 1, tough skin 2
a: Burn Spellbooks, Berserk, Trog's Hand, Brothers in Arms, Renounce Religion,
Evoke Flight


You were on level 5 of the Dungeon.
You worshipped Trog.
Trog was greatly pleased with you.
You were not hungry.

You visited 1 branch of the dungeon, and saw 5 of its levels.

You collected 184 gold pieces.

Inventory:

Hand weapons
 a - a +0 mace
 A - a +0 giant spiked club (weapon)
Armour
 b - a +0 animal skin (worn)
Jewellery
 n - an uncursed ring of wizardry
 w - a cursed +3 ring of strength (left claw)
 x - a ring of flight (right claw)
 B - an amulet of the gourmand (around neck)
Scrolls
 e - 5 scrolls of enchant weapon {unknown}
 h - a scroll of noise {unknown}
 i - 2 scrolls of fear {unknown}
 j - a scroll of blinking {unknown}
 l - a scroll of teleportation {unknown}
 r - 4 scrolls of identify {unknown}
 s - a scroll of amnesia {unknown}
 y - a scroll of random uselessness {unknown}
Potions
 f - a potion of brilliance {unknown}
 g - a potion of flight {unknown}
 k - a potion of lignification {unknown}
 m - 2 potions of resistance {unknown}
 o - a potion of restore abilities {unknown}
 p - a potion of might {unknown}
 q - 2 potions of poison {unknown}
 u - 2 potions of mutation {unknown}
 v - a potion of cancellation {unknown}
 z - a potion of beneficial mutation {unknown}
Comestibles
 c - 4 meat rations
 d - a slice of pizza
 t - a royal jelly
 D - 5 fruits


   Skills:
 + Level 4.2 Fighting
 + Level 4.9 Maces & Flails
 + Level 3.5 Armour
 + Level 3.7 Dodging


You had 6 spell levels left.
You didn't know any spells.

Dungeon Overview and Level Annotations

Branches:
Dungeon (5/15)
 Temple: D:4-7

Altars:
Ashenzari
Nemelex Xobeh
Sif Muna
Xom


Innate Abilities, Weirdness & Mutations

You are too large for most types of armour.
You have claws for hands.
Your metabolism is lightning-fast.
You like to eat raw meat.
You heal very quickly.
You are covered in fur (AC +1).
You have very tough skin (AC +2).


Message History

Menkaure hits you.
* * * LOW HITPOINT WARNING * * *
You flatten Menkaure like a pancake!!!
You destroy Menkaure!
Trog appreciates your killing of a magic user.
You feel nervous for a moment...
Your +3 ring of strength glows black for a moment.
You hear the brisk rusting of a very distant drain.
The jackal bites you but does no damage.
You puncture the jackal!
You kill the jackal!
Trog accepts your kill. Something hits you.
* * * LOW HITPOINT WARNING * * *
Something shocks you.
* * * LOW HITPOINT WARNING * * *
You miss something. Something hits you.
* * * LOW HITPOINT WARNING * * *
Something shocks you.
You die...

#######################
#.....#............)...
#.!...#...............[
#....†#..........<.....
#...$†@................
#....####.......>......
####..##
###.##.##..##.. #..#†.#
#.##+##+###.) #.....#
#.. #.) #....h# #...
#.) #.....+ #...# #..
#%....# ...(..# ##.
##....# ..####.# #+


There were no monsters in sight!

Vanquished Creatures
  Grinder (D:4)
  Menkaure (D:5)
  An ice beast (D:5)
  An ogre (D:4)
  2 hounds (D:4)
  An orc wizard (D:4)
  A giant frog skeleton (D:4)
  2 worker ants (D:5)
  A hound skeleton (D:4)
  6 adders
  A giant mite (D:3)
  2 worms
  An adder skeleton (D:4)
  An ooze (D:2)
  16 orcs
  5 giant cockroaches
  10 goblins
  13 hobgoblins
  9 jackals
  5 quokkas
  3 ball pythons
  A ball python skeleton (D:4)
  8 bats
  2 giant geckos
  A giant gecko skeleton (D:4)
  6 giant newts
  7 kobolds
  10 rats
118 creatures vanquished.

Notes
Turn   | Place    | Note
--------------------------------------------------------------
     0 | D:1      | Kaesh, the Troll Berserker, began the quest for the Orb.
     0 | D:1      | Reached XP level 1. HP: 22/22 MP: 1/1
   153 | D:1      | Reached XP level 2. HP: 27/29 MP: 1/1
   203 | D:1      | Reached skill level 3 in Maces & Flails
   365 | D:1      | Acquired Trog's second power
   735 | D:2      | Reached XP level 3. HP: 27/36 MP: 2/2
  1140 | D:2      | Found a shimmering altar of Xom.
  1645 | D:3      | Reached XP level 4. HP: 44/44 MP: 2/2
  1929 | D:3      | Found a sparkling altar of Nemelex Xobeh.
  2551 | D:4      | Reached XP level 5. HP: 40/53 MP: 2/2
  2690 | D:4      | Found a deep blue altar of Sif Muna.
  2699 | D:4      | Found a shattered altar of Ashenzari.
  2798 | D:4      | Noticed Grinder
  2808 | D:4      | Killed Grinder
  2808 | D:4      | Reached skill level 4 in Maces & Flails
  2808 | D:4      | Reached XP level 6. HP: 62/62 MP: 3/3
  2991 | D:4      | Acquired Trog's third power
  3404 | D:4      | Reached XP level 7. HP: 68/68 MP: 3/3
  3895 | D:5      | Entered Level 5 of the Dungeon
  4144 | D:5      | Noticed Menkaure
  4170 | D:5      | Killed Menkaure
  4171 | D:5      | HP: 3/105 [something (5)]
  4172 | D:5      | Slain by a sky beast

Action                   |  1- 3 |  4- 6 |  7- 9 || total
-------------------------+-------+-------+-------++-------
Melee: Mace              |   124 |   185 |       ||   309
       Giant spiked club |       |     1 |    66 ||    67
Invok: Berserk           |       |     1 |     2 ||     3
  Eat: Chunk             |    15 |    20 |     4 ||    39
